 Dungeon Crawl Stone Soup version 0.25-a0-1133-g93ebf739aa (webtiles) character file.

Game seed: 11303371291141301605, levelgen mode: deterministic

100434 Hastur the Force of Nature (level 15, -4/138 HPs)
             Began as a Demonspawn Artificer on May 21, 2020.
             Was the Champion of Fedhas.
             Slain by a spark wasp (16 damage)
             ... on level 1 of the Spider Nest on May 22, 2020.
             The game lasted 02:06:07 (36716 turns).

Hastur the Force of Nature (Demonspawn Artificer)  Turns: 36716, Time: 02:06:09

Health: -4/138     AC: 18    Str: 20    XL:     15   Next: 80%
Magic:  29/29      EV: 15    Int: 17    God:    Fedhas [******]
Gold:   3465       SH: 12    Dex: 24    Spells: 14/14 levels left

rFire    + . .     SeeInvis .   a - +2 scimitar (vorpal)
rCold    . . .     Gourm    .   q - +0 kite shield
rNeg     . . .     Faith    .   U - +3 ring mail of the Sun {Str+5}
rPois    +         Spirit   .   b - +2 hat {MR+}
rElec    .         Reflect  .   v - +2 cloak of Metsayr {Int+2}
rCorr    .         Harm     .   J - +1 pair of gloves
MR       ++...                  (boots unavailable)
Stlth    +++.......             (no amulet)
HPRegen  0.33/turn              g - ring of Ascent {rPois rF+ Int+3 Stlth+}
MPRegen  0.21/turn              r - +6 ring of dexterity

@: no status effects
A: talons 3, rugged brown scales 3, powered by death 2, spiny 1
a: Wall of Briars, Grow Ballistomycete, Overgrow, Grow Oklob, Renounce Religion


You were on level 1 of the Spider Nest.
You worshipped Fedhas.
Fedhas was exalted by your worship.
You were not hungry.

You visited 5 branches of the dungeon, and saw 26 of its levels.
You also visited: Gauntlet.

You collected 4212 gold pieces.
You spent 747 gold pieces at shops.

Inventory:

Hand Weapons
 a - a +2 vorpal scimitar (weapon)
Missiles
 n - 128 poisoned darts (quivered)
 N - 11 curare-tipped darts
 T - 3 throwing nets
Armour
 b - a +2 hat of magic resistance (worn)
 l - a scarf of repulsion
 q - a +0 kite shield (worn)
 v - the +2 cloak of Metsayr (worn) {Int+2}
   (You found it in a Gauntlet)

   It affects your intelligence (+2).
 J - a +1 pair of gloves (worn)
 U - the +3 ring mail of the Sun (worn) {Str+5}
   (You found it on level 15 of the Dungeon)

   It affects your strength (+5).
Jewellery
 g - the ring of Ascent (left hand) {rPois rF+ Int+3 Stlth+}
   (You found it in a Gauntlet)

   [ring of protection from fire]

   It affects your intelligence (+3).
   It protects you from fire.
   It protects you from poison.
   It makes you more stealthy.
 m - an uncursed ring of protection from magic
 r - a +6 ring of dexterity (right hand)
 R - an uncursed ring of positive energy
Wands
 d - a wand of enslavement (6)
 t - a wand of clouds (10)
 x - a wand of iceblast (5)
 C - a wand of paralysis (13)
Scrolls
 c - a scroll of vulnerability {unknown}
 h - 6 scrolls of noise
 i - 3 scrolls of fear
 k - 16 scrolls of remove curse
 o - a scroll of enchant weapon
 w - a scroll of brand weapon
 y - a scroll of summoning {unknown}
 z - 3 scrolls of fog
 D - a scroll of magic mapping
 F - 3 scrolls of amnesia
 G - 2 scrolls of immolation
 K - a scroll of torment
 O - 2 scrolls of silence
 S - 2 scrolls of enchant armour
 W - 5 scrolls of teleportation
 Y - a scroll of random uselessness {unknown}
Potions
 j - 2 potions of haste
 p - 6 potions of mutation
 s - a potion of ambrosia
 u - 3 potions of might
 A - 6 potions of flight
 B - 5 potions of curing
 E - a potion of heal wounds
 H - 3 potions of lignification
 I - 4 potions of brilliance
 V - a potion of magic
 X - 2 potions of stabbing {unknown}
 Z - a potion of cancellation {unknown}
Miscellaneous
 M - a box of beasts
 Q - a phial of floods
Comestibles
 f - 25 rations


   Skills:
 - Level 15.0 Fighting
   Level 0.8(9.3) Short Blades
 - Level 13.9(14.0) Long Blades
 + Level 6.6 Dodging
 - Level 3.0 Stealth
 + Level 7.4 Shields
 - Level 20.6 Invocations
 - Level 5.0 Evocations


You had 14 spell levels left.
You didn't know any spells.
Your spell library contained the following spells:

 Spells                   Type           Power        Failure   Level  Hunger
 Animate Skeleton         Necr           N/A          73%         1    ##.....
 Freeze                   Ice            #...         73%         1    ##.....
 Infusion                 Chrm           #...         73%         1    ##.....
 Pain                     Necr           #...         73%         1    ##.....
 Shock                    Conj/Air       #...         73%         1    ##.....
 Shroud of Golubria       Chrm/Tloc      #.....       86%         2    ###....
 Song of Slaying          Chrm           #.......     86%         2    ###....
 Swiftness                Chrm/Air       #.......     86%         2    ###....
 Ozocubu's Armour         Chrm/Ice       #.......     97%         3    ####...
 Spectral Weapon          Hex/Chrm       #.......     97%         3    ####...
 Static Discharge         Conj/Air       #.......     97%         3    ####...
 Vampiric Draining        Necr           #.........   97%         3    ####...
 Airstrike                Air            #.........   100%        4    #####..
 Animate Dead             Necr           N/A          100%        4    #####..
 Hailstorm                Conj/Ice       #.......     100%        4    #####..
 Agony                    Necr           #.......     100%        5    ######.
 Irradiate                Conj/Tmut      #.........   100%        5    ######.
 Lightning Bolt           Conj/Air       #.........   100%        5    ######.
 Metabolic Englaciation   Hex/Ice        #.........   100%        5    ######.
 Hydra Form               Tmut           #.........   100%        6    #######
 Simulacrum               Ice/Necr       #.........   100%        6    #######
 Statue Form              Tmut/Erth      #........    100%        6    #######
 Dragon Form              Tmut           #.........   100%        7    #######


Dungeon Overview and Level Annotations

Branches:
Dungeon (15/15)            Temple (1/1) D:5            Lair (6/6) D:11
 Shoals (0/4) Lair:3       Spider (2/4) Lair:2        Slime (0/5) Lair:6
    Orc (2/2) D:11            Elf (0/3) Orc:2        Vaults (0/5) D:13
 Depths (0/5) D:15        Gauntlet (visited)

Altars:
Ashenzari
Cheibriados
Dithmenos
Elyvilon
Fedhas
Gozag
Hepliaklqana
Kikubaaqudgha
Makhleb
Nemelex Xobeh
Okawaru
Qazlal
Ru
Sif Muna
Trog
Uskayaw
Vehumet
Wu Jian
Xom
Yredelemnul
Zin
The Shining One

Shops:
D:4 %   D:8 ?   D:10 [:   D:13 !   Orc:2 ([*(

Annotations:
D:7 Harold
D:8 1 runed translucent door, exclusion: cyclops, anet's ghost, novice GnMo
D:12 3 runed translucent doors, exclusion: upstairs, drwowa's ghost, journeyman MiFi
Lair:2 2 transporters, Oxowysi's ghost, journeyman DgAE
Orc:2 1 runed translucent door, kelmiir's ghost, journeyman GnMo


Innate Abilities, Weirdness & Mutations

You have claws for feet.
You are completely covered in rugged brown scales. (AC +3, +7% HP)
You regenerate health from kills.
You are partially covered in sharp spines.


Message History

The spark wasp is struck by your spines.
The spark wasp stings you!
* * * LOW HITPOINT WARNING * * *
The spark wasp shocks you!
* * * LOW HITPOINT WARNING * * *
You feel much better.
The spark wasp is struck by your spines.
The spark wasp barely misses you.
Evoke which item? (* to show all) (? for menu, Esc to quit)
Aiming: Paralyse
Press: ? - help, Shift-Dir - straight line, f/p - spark wasp
Aim: a spark wasp (almost dead, chance to defeat MR: 43%)
The spark wasp resists with some effort.
The spark wasp stings you but does no damage.
The spark wasp is struck by your spines.
The spark wasp stings you!!
* * * LOW HITPOINT WARNING * * *
The spark wasp shocks you!
You die...
Fedhas appreciates your contribution to the ecosystem.

.........####.###.###>###.###....
........###..####^.....###...##..
#####.###.^.## #..##.....#.###...
#.#####.## ##.###.....#.#..##. ##
#.###..#.###..###.........####
.###^#.....................### #
............##............#######
..##........##.....###........^..
####..####......@..# ############
#...##..##..y..†###...# #
#......####....#......##
####......# #.....###.....##
..##.....## #....###.......# #
.......>.## #...###........# ##
...####...###.####.........#####.
....###.....##.###...............
.....##........##.........##.###.


You could see a spark wasp.

Vanquished Creatures
  An emperor scorpion (Spider:1)
  A minotaur (Gauntlet)
  A dire elephant (Lair:3)
  2 fire dragons
  Josephine (D:9)
  A vault guard (D:13)
  An ice dragon (D:15)
  8 hydras
  2 catoblepae
  A death knight (D:15)
  4 centaur warriors
  6 two-headed ogres
  Erica (D:8)
  4 tengu warriors
  An orc high priest (Orc:2)
  A slime creature (D:14)
  A wizard (D:13)
  An unseen horror (shapeshifter) (D:14)
  A lindwurm (Lair:6)
  A phantasmal warrior (D:15)
  Pikel (D:5)
  A necromancer (D:13)
  A wolf spider (Spider:1)
  A deep elf mage (D:14)
  An ugly thing (D:13)
  An orb spider (Spider:1)
  3 manticores
  5 orc sorcerers
  4 cyclopes
  10 elephants (Lair:6)
  6 black mambas
  2 torpor snails (Spider:1)
  3 centaur skeletons
  4 orange demons (D:15)
  2 gargoyles
  2 molten gargoyles (Lair:6)
  9 spiny frogs
  A kobold demonologist (D:12)
  A redback zombie (D:15)
  2 rime drakes (Lair:3)
  2 demonic crawlers (Spider:1)
  An efreet (D:14)
  2 freezing wraiths (D:15)
  12 komodo dragons
  2 red devils (D:15)
  6 jumping spiders (Spider:1)
  3 meliai (D:14)
  9 blink frogs
  A raiju (shapeshifter) (D:15)
  6 trolls
  10 hippogriffs
  2 hornets
  6 dream sheep
  26 redbacks
  9 tarantellas
  11 wyverns
  21 humans (D:13)
  A shadow (D:12)
  A vampire (D:11)
  39 yaks
  5 wraiths
  5 fire bats (Gauntlet)
  3 hungry ghosts
  Eustachio (D:6)
  2 basilisks
  2 steam dragons (Lair:6)
  Grum (D:11)
  5 wargs
  2 acid dragons
  Edmund (D:5)
  17 porcupines
  7 hell hounds
  11 water moccasins
  A black bear (D:8)
  7 sky beasts
  24 orc warriors
  2 eyes of draining
  Ijyb (D:5)
  2 slaves
  A necrophage (D:12)
  8 ice beasts
  A boggart (shapeshifter) (D:15)
  13 centaurs
  A phantom (D:9)
  8 wolves
  8 ogres
  12 crocodiles
  5 big kobolds
  Blork the orc (D:12)
  16 bullfrogs
  A wyvern zombie (D:12)
  6 scorpions
  15 wights
  17 killer bees
  2 electric eels (Lair:3)
  2 howler monkeys
  5 lava snakes
  4 centaur zombies
  6 crimson imps
  11 hounds
  A wyvern simulacrum (D:14)
  21 orc priests
  3 bullfrog skeletons
  5 jellies
  7 hell rats (Lair:6)
  2 iguanas
  36 orc wizards
  13 worker ants
  A hound skeleton (D:10)
  A hound zombie (D:6)
  A worker ant zombie (D:5)
  Robin (D:2)
  4 gnolls
  A howler monkey skeleton (D:7)
  18 adders
  2 shadow imps (D:6)
  4 oozes
  2 adder skeletons (D:8)
  2 worms
  7 leopard geckos
  66 orcs
  5 giant cockroaches
  16 goblins
  15 hobgoblins
  10 jackals (D:2)
  17 kobolds
  3 quokkas
  A ball python (D:2)
  8 bats
  3 frilled lizards
  A quokka zombie (D:5)
  4 rats
  2 ballistomycete spores
795 creatures vanquished.

Vanquished Creatures (collateral kills)
  Jorgrun (Orc:2)
  Asterion (Spider:1)
  3 orange demons (D:15)
  2 red devils (D:15)
  Prince Ribbit (D:5)
  A centaur (D:15)
  2 orc wizards (Orc:2)
  4 orc priests (Orc:2)
  99 ballistomycete spores
114 creatures vanquished.

Vanquished Creatures (others)
  A wizard (D:11)
  2 oklob plants (Lair:6)
  A hippogriff (Lair:6)
  A slave (D:6)
  An ogre (D:6)
  A wight (D:6)
  A jelly (D:6)
  5 ballistomycete spores
  4 demonic plants (Gauntlet)
  63 fungi
  56 plants
  11 toadstools
147 creatures vanquished.

Grand Total: 1056 creatures vanquished

Notes
Turn   | Place    | Note
-------+----------+-------------------------------------------
     0 | D:1      | Hastur the Demonspawn Artificer began the quest for the
                  | Orb.
     0 | D:1      | Reached XP level 1. HP: 15/15 MP: 3/3
    36 | D:1      | Reached skill level 1 in Stealth
   642 | D:1      | Gained mutation: You regenerate a little health from kills.
                  | [demonic ancestry]
   642 | D:1      | Reached XP level 2. HP: 14/21 MP: 4/4
  1142 | D:2      | Noticed Robin
  1177 | D:2      | Reached XP level 3. HP: 27/27 MP: 5/5
  1430 | D:2      | Killed Robin
  1840 | D:2      | Gained mutation: You regenerate health from kills. [demonic
                  | ancestry]
  1840 | D:2      | Reached XP level 4. HP: 19/34 MP: 6/6
  3380 | D:3      | Gained mutation: You have sharp toenails. [demonic
                  | ancestry]
  3380 | D:3      | Reached XP level 5. HP: 42/42 MP: 7/7
  4320 | D:4      | Gained mutation: You are partially covered in sharp spines.
                  | [demonic ancestry]
  4320 | D:4      | Reached XP level 6. HP: 45/49 MP: 8/8
  4365 | D:4      | Reached skill level 5 in Fighting
  4449 | D:4      | Found Zetees's Food Emporium.
  4754 | D:5      | Entered Level 5 of the Dungeon
  4907 | D:5      | Noticed a sky beast
  4924 | D:5      | Killed a sky beast
  4924 | D:5      | Reached XP level 7. HP: 41/57 MP: 9/9
  5279 | D:5      | Noticed Ijyb
  5280 | D:5      | Noticed Prince Ribbit
  5301 | D:5      | Killed Prince Ribbit
  5323 | D:5      | Killed Ijyb
  5401 | D:5      | Found a staircase to the Ecumenical Temple.
  5441 | Temple   | Entered the Ecumenical Temple
  5585 | Temple   | Became a worshipper of Fedhas Madash
  5906 | D:6      | Reached skill level 5 in Dodging
  5959 | D:6      | Gained mutation: You have razor-sharp toenails. [demonic
                  | ancestry]
  5959 | D:6      | Reached XP level 8. HP: 67/67 MP: 10/10
  5978 | D:6      | Noticed Edmund
  6090 | D:6      | Found a shattered altar of Ashenzari.
  6513 | D:5      | Killed Edmund
  6947 | D:6      | Noticed Pikel
  7087 | D:5      | Killed Pikel
  7288 | D:6      | Reached skill level 10 in Fighting
  7298 | D:6      | Noticed Eustachio
  7323 | D:6      | Killed Eustachio
  7323 | D:6      | Gained mutation: You are partially covered in rugged brown
                  | scales. (AC +1, +3% HP) [demonic ancestry]
  7323 | D:6      | Reached XP level 9. HP: 70/80 MP: 11/11
  7568 | D:6      | Reached skill level 1 in Shields
  7906 | D:7      | Reached * piety under Fedhas
  8457 | D:7      | Reached skill level 5 in Evocations
  9358 | D:7      | Reached ** piety under Fedhas
  9363 | D:7      | Reached XP level 10. HP: 83/90 MP: 13/13
  9655 | D:8      | Noticed Harold
  9683 | D:7      | HP: 2/91 [Harold/+0 hand axe (14)]
 10240 | D:8      | Found a glowing silver altar of Zin.
 10371 | D:8      | Noticed a cyclops
 10661 | D:8      | Found a runed translucent door.
 10662 | D:8      | Noticed Erica
 10956 | D:8      | Killed Erica
 11020 | D:8      | Noticed a three-headed hydra
 11027 | D:8      | Killed a one-headed hydra
 11246 | D:8      | Found Estreipp's Magic Scroll Shoppe.
 11313 | D:8      | Found a shattered altar of Ashenzari.
 11315 | D:8      | Found a glowing silver altar of Zin.
 11403 | D:8      | Noticed anet's ghost (novice GnMo)
 11848 | D:9      | Reached *** piety under Fedhas
 12138 | D:9      | Gained mutation: You are mostly covered in rugged brown
                  | scales. (AC +2, +5% HP) [demonic ancestry]
 12138 | D:9      | Reached XP level 11. HP: 79/105 MP: 14/14
 12874 | D:8      | Bought a scroll of acquirement for 520 gold pieces
 12936 | D:10     | Entered Level 10 of the Dungeon
 13073 | D:10     | Reached skill level 1 in Invocations
 13093 | D:10     | Found Amoor's Antique Armour Shop.
 13198 | D:10     | Reached skill level 1 in Long Blades
 13260 | D:10     | Noticed Josephine
 13275 | D:10     | Reached skill level 2 in Invocations
 13379 | D:9      | Killed Josephine
 13379 | D:9      | Reached skill level 3 in Invocations
 13502 | D:10     | Reached skill level 4 in Invocations
 13757 | D:10     | Identified the cursed +1 quarterstaff of Honour {vamp, rF+
                  | MR+ SInv} (You found it on level 10 of the Dungeon)
 13865 | D:10     | Identified the +1 leather armour of Alefinaf {rF+}
 13964 | D:10     | Found Icuwn's Book Boutique.
 14084 | D:11     | Found a snail-covered altar of Cheibriados.
 14098 | D:11     | Reached skill level 5 in Invocations
 14159 | D:11     | Reached **** piety under Fedhas
 14250 | D:11     | Noticed Grum
 14294 | D:11     | Reached skill level 6 in Invocations
 14306 | D:11     | Killed Grum
 14337 | D:11     | You fall into a shaft and drop 1 floor!
 14338 | D:12     | Noticed Blork the orc
 14370 | D:12     | Noticed a two-headed ogre
 14386 | D:12     | Killed a two-headed ogre
 14386 | D:12     | Reached skill level 15 in Fighting
 14563 | D:12     | Reached skill level 5 in Long Blades
 14563 | D:12     | Reached skill level 7 in Invocations
 14594 | D:12     | Noticed a two-headed ogre
 14640 | D:12     | Killed a two-headed ogre
 14640 | D:12     | Reached XP level 12. HP: 100/114 MP: 17/17
 14855 | D:12     | Reached ***** piety under Fedhas
 14899 | D:12     | Noticed a two-headed ogre
 14928 | D:12     | Killed a two-headed ogre
 14928 | D:12     | Reached skill level 8 in Invocations
 15537 | D:12     | Found a runed translucent gate.
 15556 | D:12     | Noticed a two-headed ogre
 15569 | D:12     | Killed a two-headed ogre
 15790 | D:12     | Found a runed translucent gate.
 15791 | D:12     | Found a runed translucent gate.
 15791 | D:12     | Noticed drwowa's ghost (journeyman MiFi)
 15961 | D:12     | Killed Blork the orc
 15971 | D:12     | Found a shimmering blue altar of Sif Muna.
 16195 | D:11     | Found a staircase to the Orcish Mines.
 16354 | D:11     | Noticed a four-headed hydra
 16365 | D:11     | Killed a one-headed hydra
 16491 | D:11     | Reached skill level 9 in Invocations
 16682 | D:11     | Reached skill level 5 in Shields
 17322 | D:11     | Found a bloodstained altar of Trog.
 17485 | D:11     | Found a staircase to the Lair.
 17994 | D:8      | Bought a scroll of identify for 20 gold pieces
 17994 | D:8      | Bought a scroll of identify for 20 gold pieces
 17994 | D:8      | Bought a scroll of identify for 20 gold pieces
 17994 | D:8      | Bought a scroll of identify for 20 gold pieces
 18000 | D:8      | Bought a scroll of blinking for 75 gold pieces
 18357 | Lair:1   | Entered Level 1 of the Lair of Beasts
 18786 | Lair:1   | Noticed an eight-headed hydra
 18811 | Lair:1   | Killed an eight-headed hydra
 18811 | Lair:1   | Reached skill level 10 in Invocations
 19431 | Lair:2   | Found a gate leading to a gauntlet.
 19443 | Gauntlet | Entered a Gauntlet
 19443 | Gauntlet | Found a transporter.
 19443 | Gauntlet | Found a transporter.
 19443 | Gauntlet | Noticed a hell beast
 19549 | Gauntlet | Found a transporter.
 19549 | Gauntlet | Found a transporter.
 19551 | Gauntlet | Found a large runed translucent door.
 19551 | Gauntlet | Found a transporter.
 19552 | Gauntlet | Found a large runed translucent door.
 19553 | Gauntlet | Found a large runed translucent door.
 19553 | Gauntlet | Found a large runed translucent door.
 19553 | Gauntlet | Found a runed translucent door.
 19553 | Gauntlet | Found a runed translucent door.
 19554 | Gauntlet | Found a large runed translucent door.
 19554 | Gauntlet | Found a large runed translucent door.
 19554 | Gauntlet | Found a large runed translucent door.
 19554 | Gauntlet | Found a large runed translucent door.
 19555 | Gauntlet | Found a large runed translucent door.
 19556 | Gauntlet | Found a large runed translucent door.
 19560 | Gauntlet | Found a transporter.
 19566 | Gauntlet | Found a transporter.
 19568 | Gauntlet | Found a transporter.
 19568 | Gauntlet | Found a large runed translucent door.
 19568 | Gauntlet | Found a large runed translucent door.
 19569 | Gauntlet | Found a large runed translucent door.
 19569 | Gauntlet | Found a large runed translucent door.
 19569 | Gauntlet | Found a large runed translucent door.
 19570 | Gauntlet | Found a large runed translucent door.
 19579 | Gauntlet | Found a runed translucent gate.
 19579 | Gauntlet | Found a runed translucent gate.
 19579 | Gauntlet | Found a runed translucent gate.
 19581 | Gauntlet | Found a transporter.
 19603 | Gauntlet | Found a transporter.
 19628 | Gauntlet | Found a transporter.
 19702 | Gauntlet | Found a transporter.
 19786 | Gauntlet | Got a heavily runed iron ring
 19806 | Gauntlet | Got a glittering iron ring
 19841 | Gauntlet | Identified the cursed +0 plate armour "Miysk" {rElec rPois
                  | Int+6}
 19841 | Gauntlet | Noticed a minotaur
 19859 | Gauntlet | Killed a minotaur
 19859 | Gauntlet | Reached skill level 11 in Invocations
 19859 | Gauntlet | Gained mutation: You are completely covered in rugged brown
                  | scales. (AC +3, +7% HP) [demonic ancestry]
 19859 | Gauntlet | Reached XP level 13. HP: 66/123 MP: 21/21
 20049 | Gauntlet | Got a warped cloak
 20244 | Lair:2   | Noticed Oxowysi's ghost (journeyman DgAE)
 20256 | Lair:2   | Found a transporter.
 20328 | Lair:2   | Identified the +2 cloak of Metsayr {Int+2} (You found it in
                  | a Gauntlet)
 20428 | Lair:2   | Found a hole to the Spider Nest.
 20605 | Lair:2   | Found a transporter.
 21065 | Lair:3   | Found a staircase to the Shoals.
 21429 | Lair:3   | Noticed a dire elephant
 21449 | Lair:3   | Found a runed translucent door.
 21636 | Lair:3   | Reached skill level 12 in Invocations
 22937 | Lair:3   | Reached skill level 10 in Long Blades
 23309 | Lair:3   | Killed a dire elephant
 24862 | Lair:5   | Identified the Handbook of Frigorific Protection
 25069 | Lair:5   | Identified the ring of Ascent {rPois rF+ Int+3 Stlth+} (You
                  | found it in a Gauntlet)
 25675 | Lair:6   | Entered Level 6 of the Lair of Beasts
 26143 | Lair:6   | Found a staircase to the Slime Pits.
 26281 | Lair:6   | HP: 4/123 [three-headed hydra (13)]
 26283 | Lair:6   | Reached XP level 14. HP: 22/131 MP: 20/23
 26309 | Lair:6   | Reached skill level 13 in Invocations
 27002 | Lair:6   | Reached skill level 14 in Invocations
 27082 | Lair:6   | Found a large runed translucent door.
 27084 | Lair:6   | Found a large runed translucent door.
 28345 | D:13     | Found Gaibriv's Distillery.
 28616 | D:13     | Identified the ring "Aphid" {*Slow AC+4 Str+4 Int+7 Stlth-}
                  | (You found it in a Gauntlet)
 28680 | D:13     | Reached skill level 15 in Invocations
 28848 | D:13     | Found a gate to the Vaults.
 28957 | D:14     | Found a sparkling altar of Nemelex Xobeh.
 29067 | D:14     | You fall into a shaft and drop 1 floor!
 29067 | D:15     | Entered Level 15 of the Dungeon
 29067 | D:15     | Found a glowing silver altar of Zin.
 29246 | D:15     | Reached skill level 16 in Invocations
 29507 | D:15     | Got a polished ring mail
 29941 | D:15     | Reached skill level 17 in Invocations
 30314 | D:15     | Identified the +3 ring mail of the Sun {Str+5} (You found
                  | it on level 15 of the Dungeon)
 30491 | D:15     | Reached skill level 18 in Invocations
 30491 | D:15     | Gained mutation: You have claws for feet. [demonic
                  | ancestry]
 30491 | D:15     | Reached XP level 15. HP: 121/138 MP: 26/28
 30648 | D:15     | Found a staircase to the Depths.
 31189 | D:14     | Reached skill level 19 in Invocations
 32677 | Orc:1    | Entered Level 1 of the Orcish Mines
 33034 | Orc:2    | Entered Level 2 of the Orcish Mines
 33042 | Orc:2    | Found a staircase to the Elven Halls.
 33267 | Orc:2    | Found a runed translucent door.
 33268 | Orc:2    | Found a shimmering altar of Xom.
 33268 | Orc:2    | Noticed kelmiir's ghost (journeyman GnMo)
 33427 | Orc:2    | Noticed Jorgrun
 33449 | Orc:2    | Reached skill level 20 in Invocations
 33451 | Orc:2    | Killed Jorgrun
 33514 | Orc:2    | Reached ****** piety under Fedhas
 33528 | Orc:2    | Found Oxyo's Antique Weapon Boutique.
 33528 | Orc:2    | Found Uvvoe's Armour Boutique.
 33530 | Orc:2    | Found Dogriuqo's Antique Weapon Shop.
 33536 | Orc:2    | Found Taucuehu's Assorted Antiques.
 33582 | Orc:2    | Bought a scroll of identify for 72 gold pieces
 34338 | Spider:1 | Entered Level 1 of the Spider Nest
 35105 | Spider:1 | Noticed Asterion
 35130 | Spider:1 | Killed Asterion
 36275 | Spider:2 | HP: 1/138 [spark wasp (17)]
 36714 | Spider:1 | HP: 1/138 [spark wasp (12)]
 36716 | Spider:1 | Slain by a spark wasp

Illustrated notes

Levels and vault maps discovered:
D:1:      matt_arrival_grand_opening, layout_basic
D:2:      layout_basic, uniq_robin
D:3:      layout_loops_ring, minmay_diced_spiral
D:4:      layout_loops_ring, serial_shops, nicolae_shop_trees, first_ration,
          minmay_gold_behind_fungi
D:5:      layout_basic, minmay_temple_entry_fiery,
          minmay_misc_feat_four_crosses, uniq_ijyb, uniq_prince_ribbit1
D:6:      layout_loops_ring, basic_altar, minmay_misc_feat_square,
          uniq_eustachio, uniq_pikel, uniq_edmund
D:7:      layout_cave_pods
D:8:      minmay_the_grid_triangle_9x9_rhombus_thin
          [minmay_the_grid_triangle_9x9_checkered,
          minmay_the_grid_triangle_9x9_prize_special,
          minmay_the_grid_triangle_9x9_steps,
          minmay_the_grid_triangle_9x9_windchime], layout_rooms,
          chequers_temple_overflow_statue_of_worship,
          ebering_ghost_reflecting_pool, basic_altar, serial_shops,
          kennysheep_little_box, hangedman_ranch [blue_anna_fruit_fields],
          uniq_harold, uniq_erica
D:9:      layout_layer_cave
D:10:     hangedman_cross_stitches, layout_rooms, serial_shops,
          kennysheep_mini_moat, shop, uniq_josephine
D:11:     layout_rooms, due_lair_maze_entry_diamond, david_orc_3, basic_altar,
          minmay_misc_feat_plants, trog_wizard, uniq_grum
D:12:     layout_basic, gammafunk_ghost_spectres, tgw_sif
D:13:     layout_grid_maze, grunt_vaults_entry_tiered, serial_shops,
          nicolae_shop_window_shopping
D:14:     layout_loops_ring, serial_park_paths [serial_park_minivault_5x5_5],
          nemelex_xobeh_ov_fountains_minmay
D:15:     grunt_enter_depths_hoard, layout_cave_pods, basic_altar,
          minmay_beelzebubs_servants
Temple:   regret_index_temple_chain_breaker
Lair:1:   layout_gridlike, infiniplex_staircase_pool_2
Lair:2:   layout_regular_city, dummy_spider_entry,
          gammafunk_ghost_berserking_beasts, gauntlet_entry_generic,
          st_stairs_13, grunt_megastairs_5, infiniplex_staircase_pool
Lair:3:   gammafunk_lair_enchanted_lake, layout_chaotic_city,
          minmay_shoals_entry_beasts, beast_lair_carwin_6,
          minmay_lair_oklob_chamber, grunt_megastairs_2
Lair:4:   layout_hall_layers
Lair:5:   layout_regular_city, chequers_serial_rivers_room_a,
          chequers_serial_rivers_micro_d
Lair:6:   cheibrodos_lair_end_hotspot, layout_big_grid,
          minmay_slime_entry_oklob_open, serial_bayou_shore_b
Spider:1: layout_chambers, uniq_asterion
Spider:2: layout_chambers
Orc:1:    layout_diamond_mine
Orc:2:    st_orc_mages, layout_caves, ebering_ghost_xom, uniq_jorgrun

Skill      XL: |  1  2  3  4  5  6  7  8  9 10 11 12 13 14 15 |
---------------+----------------------------------------------+-----
Stealth        | 1 2 3 |  3.0
Fighting       | 2 3 4 5 7 10 11 14 15 | 15.0
Dodging        | 2 4 5 6 |  6.6
Shields        | 4 6 7 |  7.4
Evocations     | 5 |  5.0
Invocations    | 7 11 12 18 20 | 20.6
Long Blades    | 5 8 12 13 | 13.9
Short Blades   | |  0.8

Action                   |  1- 3 |  4- 6 |  7- 9 | 10-12 | 13-15 || total
-------------------------+-------+-------+-------+-------+-------++-------
Melee: Short sword       |   190 |   133 |       |       |       ||   323
       Kick              |       |    28 |     8 |   270 |   478 ||   784
       Battleaxe         |       |       |    37 |    65 |       ||   102
       Scimitar          |       |       |       |   486 |   950 ||  1436
 Fire: Hunting sling     |       |   136 |   338 |     7 |       ||   481
Throw: Dart              |       |    10 |    19 |    56 |    29 ||   114
Invok: Wall of Briars    |       |       |       |     3 |     1 ||     4
       Grow Ballistomyce |       |       |       |     2 |    14 ||    16
       Grow Oklob        |       |       |       |       |     3 ||     3
Evoke: Wand              |       |     5 |     9 |     7 |     2 ||    23
  Use: Scroll            |       |     9 |       |    18 |    15 ||    42
       Potion            |       |       |       |     4 |     6 ||    10
 Stab: Sleeping          |     3 |       |     2 |     6 |     6 ||    17
       Paralysed         |       |       |       |     4 |       ||     4
       Distracted        |       |       |       |     1 |     1 ||     2
       Invisible         |       |       |       |     3 |       ||     3
       Confused          |       |       |       |       |     2 ||     2
  Eat: Chunk             |     3 |    10 |    14 |    24 |    34 ||    85
       Ration            |       |       |       |     4 |     7 ||    11
Armor: Leather armour    |    60 |    27 |       |       |       ||    87
       Ring mail         |       |    33 |    77 |   184 |   349 ||   643
Dodge: Dodged            |   114 |   127 |   163 |   349 |   497 ||  1250
Block: Buckler           |       |       |       |   181 |   292 ||   473
       Kite shield       |       |       |       |       |    57 ||    57
       Rpst.: Scimitar   |       |       |       |    77 |   104 ||   181

Table legend:
 A = Non-vault XP
 B = Vault XP
 C = Vault XP percentage of total XP
 D = Non-vault monster count
 E = Vault monster count
 F = Vault count percentage of total count
                 A         B        C        D         E       F
            +---------+---------+-------+---------+---------+-------
      Total |   95801 |   47677 |  33.2 |     601 |     205 |  25.4
            +---------+---------+-------+---------+---------+-------
        D:1 |      18 |       2 |  10.0 |      11 |       1 |   8.3
        D:2 |      80 |      34 |  29.8 |      33 |      11 |  25.0
        D:3 |     189 |      11 |   5.5 |      27 |       3 |  10.0
        D:4 |     165 |       0 |   0.0 |      11 |       0 |   0.0
        D:5 |     614 |    1002 |  62.0 |      21 |       4 |  16.0
        D:6 |     915 |     191 |  17.3 |      18 |       1 |   5.3
        D:7 |    2365 |       0 |   0.0 |      48 |       0 |   0.0
        D:8 |    1325 |    3356 |  71.7 |      21 |      15 |  41.7
        D:9 |    2112 |    1511 |  41.7 |      17 |       3 |  15.0
       D:10 |    1683 |    1537 |  47.7 |      18 |      13 |  41.9
       D:11 |    5433 |    1375 |  20.2 |      49 |      15 |  23.4
       D:12 |    6750 |      92 |   1.3 |      42 |       2 |   4.5
       D:13 |    3655 |    6502 |  64.0 |       6 |      25 |  80.6
       D:14 |    8258 |       0 |   0.0 |      24 |       0 |   0.0
       D:15 |   13036 |    5217 |  28.6 |      36 |      13 |  26.5
     Lair:1 |    3004 |       0 |   0.0 |      13 |       0 |   0.0
     Lair:2 |    2770 |      85 |   3.0 |      15 |       1 |   6.2
     Lair:3 |    6175 |    7301 |  54.2 |      24 |      20 |  45.5
     Lair:4 |    2306 |       0 |   0.0 |      13 |       0 |   0.0
     Lair:5 |    3920 |       0 |   0.0 |      17 |       0 |   0.0
     Lair:6 |   11970 |    7285 |  37.8 |      42 |      25 |  37.3
   Spider:1 |   12258 |    1634 |  11.8 |      41 |       1 |   2.4
   Spider:2 |    1744 |       0 |   0.0 |       8 |       0 |   0.0
      Orc:1 |    3273 |       0 |   0.0 |      27 |       0 |   0.0
      Orc:2 |    1783 |    7722 |  81.2 |      19 |      42 |  68.9
   Gauntlet |       0 |    2820 | 100.0 |       0 |      10 | 100.0
            +---------+---------+-------+---------+---------+-------
